 Dungeon Crawl Stone Soup version 0.20-a0-492-g6327889 (webtiles) character file.

719 useraccount the Slasher (level 7, -2/59 HPs)
             Began as a Demigod Fighter on Jan 15, 2017.
             Slain by Pikel
             ... wielding a +0 whip of electrocution
              (13 damage)
             ... on level 5 of the Dungeon.
             The game lasted 00:03:46 (4241 turns).

useraccount the Slasher (Demigod Fighter)           Turns: 4241, Time: 00:03:46

Health: -2/59      AC:  9    Str: 22 (23) XL:     7   Next: 18%
Magic:  9/9        EV:  7    Int: 12      God:
Gold:   243        SH: 10    Dex: 15      Spells: 6/6 levels left

rFire    . . .     SeeInvis .   a - +0 long sword
rCold    . . .     Gourm    .   k - +0 chain mail
rNeg     . . .     Faith    .   c - +0 shield
rPois    .         Spirit   .   (no helmet)
rElec    .         Reflect  .   (no cloak)
rCorr    .         Harm     .   (no gloves)
MR       .....                  (no boots)
Stlth    ..........             (no amulet)
Regen    0.1/turn               (no ring)
                                g - ring of wizardry

@: no status effects
A: high mp 1
a: no special abilities


You were on level 5 of the Dungeon.
You were not hungry.

You visited 1 branch of the dungeon, and saw 5 of its levels.

You collected 243 gold pieces.

Inventory:

Hand Weapons
 a - a +0 long sword (weapon)
 b - a +0 rapier
Armour
 c - a +0 shield (worn)
 k - a +0 chain mail (worn)
Jewellery
 g - a ring of wizardry (left hand)
 i - an uncursed ring of ice
 n - an uncursed ring of ice
Scrolls
 d - 3 scrolls of teleportation {unknown}
 e - 2 scrolls of magic mapping {unknown}
 l - a scroll of enchant armour {unknown}
 o - 3 scrolls of identify {unknown}
 p - 2 scrolls of amnesia {unknown}
 q - 3 scrolls of remove curse {unknown}
 t - a scroll of immolation {unknown}
 v - a scroll of fear {unknown}
 w - a scroll of blinking {unknown}
Potions
 j - a potion of mutation {unknown}
 r - 2 potions of flight {unknown}
 s - a potion of lignification {unknown}
 u - a potion of beneficial mutation {unknown}
Comestibles
 f - 4 bread rations
 h - a beef jerky
 m - 3 meat rations


   Skills:
 + Level 4.0 Fighting
 * Level 4.4 Long Blades
 + Level 4.1 Armour
 + Level 2.9 Dodging
 + Level 4.1 Shields


You had 6 spell levels left.
You didn't know any spells.

Dungeon Overview and Level Annotations

Branches:
Dungeon (5/15)
 Temple: D:4-7

Shops:
D:5 *

Annotations:
D:5 Pikel


Innate Abilities, Weirdness & Mutations

You have an increased reservoir of magic. (+10% MP)


Message History

You hit Pikel but do no damage.
Pikel is heavily wounded.
Pikel hits you but does no damage.
You hit Pikel.
Pikel is heavily wounded.
Pikel hits you but does no damage.
You are electrocuted!
You block Pikel's attack.
You closely miss Pikel.
Pikel is heavily wounded.
Pikel hits you but does no damage.
You are electrocuted!
* * * LOW HITPOINT WARNING * * *
You closely miss Pikel.
Pikel is heavily wounded.
You block Pikel's attack.
You closely miss Pikel.
Pikel is heavily wounded.
Pikel hits you with a whip of electrocution.
* * * LOW HITPOINT WARNING * * *
You are electrocuted!
You die...

#..............
#..............
#
#..............
..
#......<......#
..∩
##..........###
...p
#.......####
#....
##..######
##..Sp#####..##
....pppK@...##
####.######..#
#..# ####


You could see Pikel, 4 slaves and an adder.

Vanquished Creatures
  Duvessa (D:4)
  A phantom (D:4)
  2 ogres (D:4)
  Dowan (D:4)
  2 hounds (D:4)
  An orc wizard (D:4)
  2 worker ants (D:4)
  8 adders
  2 oozes
  An adder skeleton (D:4)
  2 worms (D:2)
  2 dart slugs
  3 leopard geckos
  5 orcs
  8 bats
  A giant cockroach (D:4)
  10 hobgoblins
  10 jackals
  3 quokkas
  2 frilled lizards (D:4)
  8 goblins
  4 kobolds
  3 rats
82 creatures vanquished.

Notes
Turn   | Place    | Note
-------+----------+-------------------------------------------
     0 | D:1      | useraccount the Demigod Fighter began the quest for the Orb.
     0 | D:1      | Reached XP level 1. HP: 18/18 MP: 3/3
   124 | D:1      | Reached XP level 2. HP: 23/25 MP: 4/4
   912 | D:2      | Reached skill level 1 in Dodging
   912 | D:2      | Reached XP level 3. HP: 29/30 MP: 5/5
  1050 | D:2      | Found a glowing golden altar of the Shining One.
  1494 | D:2      | Found a sparkling altar of Nemelex Xobeh.
  1588 | D:2      | You fall through a shaft for 2 floors!
  1588 | D:4      | Noticed Duvessa
  1588 | D:4      | Noticed Dowan
  1604 | D:4      | Reached XP level 4. HP: 31/38 MP: 6/6
  1617 | D:4      | Killed Duvessa
  1617 | D:4      | Reached XP level 5. HP: 10/45 MP: 7/7
  1618 | D:4      | Killed Dowan
  1932 | D:4      | Noticed a phantom
  1976 | D:4      | Killed a phantom
  1976 | D:4      | Reached XP level 6. HP: 47/51 MP: 8/8
  2808 | D:3      | Reached XP level 7. HP: 42/58 MP: 9/9
  4200 | D:5      | Entered Level 5 of the Dungeon
  4227 | D:5      | Noticed Pikel
  4229 | D:5      | Found Dosug's Assorted Antiques.
  4241 | D:5      | Slain by Pikel

Vault maps used:
D:1:      co_arrival_random_square_maze
D:2:      nicolae_overflow_crystal_walls, lemuel_doored_altar,
          minmay_octomino_c4
D:3:      first_bread
D:4:      uniq_duvessa
D:5:      serial_shops, shop, uniq_pikel, uniq_menkaure

Skill      XL: |  1  2  3  4  5  6  7 |
---------------+----------------------+-----
Long Blades    | 2 3 4 |  4.4
Armour         | 3 4 |  4.1
Dodging        | 1 2 |  2.9
Fighting       | 3 4 |  4.0
Shields        | 3 4 |  4.1

Action                   |  1- 3 |  4- 6 |  7- 9 || total
-------------------------+-------+-------+-------++-------
Melee: Long sword        |   119 |   124 |    88 ||   331
  Use: Potion            |       |     3 |       ||     3
  Eat: Chunk             |     2 |     4 |     5 ||    11
Armor: Scale mail        |    40 |       |       ||    40
       Chain mail        |    32 |    63 |    67 ||   162
Dodge: Dodged            |    46 |    35 |    29 ||   110
Block: Shield            |    88 |    48 |    56 ||   192
       Rpst.: Long sword |    16 |    17 |    11 ||    44
